← All builds
Suicide front / Armada / Factory first / OBSERVED BUILD

Standard suicide front

Armada Suicide front build order · Supreme Isthmus

The role's baseline: Bot Lab at 0:21 then straight into reclaim-fed T1 bot production to contest the middle and hold until T2 arrives, with an Advanced Metal Extractor around 9:45.

#rush · 2043 distinct matches · 235 players · 72% of Armada Suicide front games · team won 59% of 2421 · Recently observed

HOW TO PLAY IT

Key timing: Bot Lab by 0:20

  1. Open with mex and lab-first to get Bot Lab up by 0:20.
  2. Expand mex and wind while lab pumps units toward middle.
  3. Push Sentry and early Rocketeer, Centurion to contest middle.
  4. Get T2 constructor out once Pond's boost lets you spare metal.
  5. Upgrade mex to Advanced Metal Extractor as you transition off T1 spam.

Phase by phase

TYPICAL OF ITS 2043 GAMES
  1. 1
  2. 2
  3. 3
PLAY THE OPENING

Follow the example game's first 6:00 step by step: what to build now, what comes next, and where it goes. At 1× it keeps pace with your own game.

  1. 1

    Bot Lab first

    Order
    1. Bot LabBot Lab done ~0:25, middle half 0:20–0:33

    Some games also: mex (44%)

  2. 2

    Bot Lab to 5:00

    Economy
    • Metal Extractor5Mex
    • Wind Turbine4Wind
    Builders
    • Construction Bot3 Con bot
    • Lazarus2 Lazarus
    Army
    • Sentry4 Sentry
    • Rocketeer16 Rocketeer
    • Tick2 Tick
    • Centurion1 Centurion
    Other
    • Radar Tower1 Radar Tower

    Some games also: pawn (37%) · con turret (34%)

    By 5:00 in all: 5 mex · 4 wind

    The example game in this phase · 29 steps
    1. LazarusLazarus ×2
    2. Construction BotCon bot ×2
    3. CenturionCenturion ×2
    4. Mex
    5. Construction BotCon bot ×2
    6. RocketeerRocketeer
    7. Mex
    8. RocketeerRocketeer
    9. SentrySentry
    10. RocketeerRocketeer
    11. Radar TowerRadar Tower
    12. RocketeerRocketeer ×5
    13. SentrySentry
    14. RocketeerRocketeer ×2
    15. GraverobberGraverobberfor Front
    16. CenturionCenturion
    17. SentrySentry
    18. BeamerBeamer ×2
    19. CenturionCenturion
    20. LazarusLazarus
    21. Wind
    22. RocketeerRocketeer
    23. Wind
    24. RocketeerRocketeer
    25. BeamerBeamer
    26. Wind
    27. BeamerBeamer
    28. RocketeerRocketeer
    29. Wind
  3. 3

    5:00 to 10:00

    Economy
    • Metal Extractor1Mex
    • Wind Turbine15Wind
    Builders
    • Construction Turret2 Con turret
    • Lazarus2 Lazarus
    • Construction Bot1 Con bot
    Army
    • Sentry1 Sentry
    • Rocketeer8 Rocketeer

    Some games also: pawn (49%) · Radar Tower (46%) · tick (45%) · centurion (44%) · energy storage (42%) · eat Bot Lab (31%)

    By 10:00 in all: 6 mex · 21 wind · 1 energy storage · 2 con turret

    The example game in this phase · 69 steps
    1. BeamerBeamer
    2. Wind
    3. JanusJanus
    4. RocketeerRocketeer
    5. Wind
    6. RocketeerRocketeer
    7. Radar TowerRadar Tower
    8. RocketeerRocketeer
    9. OverwatchOverwatch
    10. SentrySentry
    11. RocketeerRocketeer ×2
    12. Wind ×2
    13. RocketeerRocketeer
    14. CenturionCenturion
    15. Wind
    16. Radar TowerRadar Tower
    17. CenturionCenturion
    18. Wind ×3
    19. Construction BotCon bot
    20. Wind ×2
    21. LazarusLazarus
    22. Wind
    23. LazarusLazarus
    24. Con turret
    25. CenturionCenturion
    26. Con turret
    27. CenturionCenturion
    28. Advanced Metal ExtractorT2 mexdone 11:06 · typical 9:46
    29. RocketeerRocketeer
    30. PawnPawn ×2
    31. Advanced Metal ExtractorT2 mex
    32. PawnPawn
    33. Wind
    34. PawnPawn
    35. Wind ×2
    36. PawnPawn
    37. Wind
    38. Advanced Metal ExtractorT2 mex
    39. PawnPawn
    40. Wind ×4
    41. PawnPawn ×2
    42. Wind
    43. PawnPawn
    44. Wind
    45. Advanced Metal ExtractorT2 mex
    46. PawnPawn
    47. Con turret
    48. PawnPawn
    49. Wind ×2
    50. PawnPawn
    51. Wind
    52. PawnPawn
    53. Wind ×2
    54. LazarusLazarus ×2
    55. PawnPawn
    56. Wind
    57. PawnPawn
    58. Advanced Metal ExtractorT2 mex
    59. PawnPawn ×4
    60. Wind ×2
    61. PawnPawn
    62. Wind
    63. LazarusLazarus
    64. Wind
    65. LazarusLazarus ×2
    66. PawnPawn
    67. Wind
    68. PawnPawn
    69. Wind

Counts are medians over the build's games: half of them build more, half fewer. The example game is gy0h6y's (33 OS, 02/10/2026); pick another.

Team trades

IN AT LEAST 30% OF ITS GAMES

You hand over

Nothing regular.

You get

  • Tidal Generator4 Tidal from Pondfirst at 0:11 · in 68% of games
  • Advanced Construction Bot1 T2 con bot from Geo or Techfirst at 7:41 · in 57% of games

How it plays out

Typical game of this build, running totals by minute

Metal produced

010k20k
0:005:0010:0015:00

metal

Enemy metal destroyed

05k10k
0:005:0010:0015:00

metal

Own metal lost

05k10k
0:005:0010:0015:00

metal

2421 games.

Show as table
ByMetal produced: This buildEnemy metal destroyed: This buildOwn metal lost: This build
1:0023000
2:0088600
3:002007184130
4:003108642501
5:0041841348997
6:00534921851706
7:00653930602588
8:00775739393500
9:00903347044382
10:001040053145148
11:001188458575955
12:001357264066673
13:001539468757437
14:001729075038209
15:001925781168981
WHAT THE NUMBERS SAY

Standard Suicide front play wins a bit over half its games while taking the heaviest own losses of any role by 15:00.

  • + Produces 20142 metal by 15:00, highest of the front roles.
  • + First kill by 2:01 in all games, fastest contest of middle.
  • − Own metal lost hits 9178 by 15:00, more than enemy metal destroyed.
  • − Only 34% Rocketeer share shows army spread thin across many bot types.
THE EXAMPLE YOU ARE READING

gy0h6y

33.1 OS · 02/10/2026

Open source match ↗

5 received units · includes a constructor
873 metal received · 13271 energy received

Allied construction assistance is unknown. Timings are observations, not a promise of solo reproducibility.

Typical milestones

Bot Lab0:25Middle 50%: 0:20–0:33 · n=2413
Advanced Metal Extractor9:46Middle 50%: 8:50–10:59 · n=1749

Played most by

_X_264games of this buildPlatinumBlonde188games of this buildXad165games of this buildTrapCaT109games of this buildImmort80games of this build